 Dungeon Crawl Stone Soup version 0.25-b1-37-g2669288c55 (webtiles) character file.

Game seed: 9113587570910595672

31 nightchill the Skirmisher (level 3, -1/30 HPs)
             Began as a Formicid Abyssal Knight on June 4, 2020.
             Was a Follower of Lugonu.
             Slain by a worker ant (2 damage)
             ... on level 2 of the Dungeon.
             The game lasted 00:03:56 (975 turns).

nightchill the Skirmisher (Formicid Abyssal Knight)  Turns: 975, Time: 00:03:56

Health: -1/30      AC:  7    Str: 16 (17) XL:     3   Next: 40%
Magic:  5/5        EV:  8    Int:  8 (11) God:    Lugonu [*.....]
Gold:   107        SH:  6    Dex:  7 (10) Spells: 2/2 levels left

rFire    + . .     SeeInvis +   a - +1 hand axe
rCold    + . .     Gourm    .   p - +0 kite shield
rNeg     . . .     Faith    .   b - +0 leather armour
rPois    .         Spirit   .   (helmet unavailable)
rElec    .         Reflect  .   (no cloak)
rCorr    .         Harm     .   (no gloves)
MR       .....                  s - +1 pair of boots {run}
Stlth    +.........             (no amulet)
HPRegen  0.10/turn              (no ring)
MPRegen  0.09/turn              (no ring)

@: lethally poisoned (-1 -> -9), quick
A: permanent stasis, dig shafts and tunnels, four strong arms, antennae 3,
iridescent scales 1, cold resistance 1, fire resistance 1
a: Dig, Shaft Self, Depart the Abyss, Renounce Religion


You were on level 2 of the Dungeon.
You worshipped Lugonu.
Lugonu was aware of your devotion.
You were not hungry.

You visited 1 branch of the dungeon, and saw 2 of its levels.
You visited the Abyss 1 time.

You collected 107 gold pieces.

Inventory:

Hand Weapons
 a - a +1 hand axe (weapon)
 d - a +0 hunting sling
Missiles
 l - 3 poisoned darts (quivered)
Armour
 b - a +0 leather armour (worn)
 p - a +0 kite shield (worn)
 s - a +1 pair of boots of running (worn)
Jewellery
 t - an uncursed ring of stealth {unknown}
Scrolls
 e - a scroll of immolation {unknown}
 h - 2 scrolls of teleportation {unknown}
 i - a scroll of magic mapping {unknown}
 j - a scroll of enchant weapon {unknown}
 m - 2 scrolls of remove curse {unknown}
 o - a scroll of blinking {unknown}
 r - a scroll of random uselessness {unknown}
Potions
 f - a potion of ambrosia {unknown}
 n - 3 potions of mutation
 q - 2 potions of heal wounds {unknown}
Comestibles
 c - 2 rations
 g - a chunk of flesh


   Skills:
 + Level 3.6 Fighting
 * Level 2.9 Axes
 - Level 2.1 Armour
 - Level 0.8 Dodging
 + Level 2.8 Invocations


You had 2 spell levels left.
You didn't know any spells.
Your spell library was empty.

Dungeon Overview and Level Annotations

Branches:
Dungeon (2/15)

Altars:
Ashenzari
Elyvilon
Qazlal
Wu Jian
Xom
Yredelemnul


Innate Abilities, Weirdness & Mutations

You cannot be hasted, slowed, berserked, paralysed or teleported.
You can dig through walls and to a lower floor.
Your four strong arms can wield two-handed weapons with a shield.
You have a pair of large antennae on your head. (SInv)
You are partially covered in iridescent scales. (AC +2)
Your flesh is cold resistant. (rC+)
Your flesh is heat resistant. (rF+)


Message History

You feel sick.
You are no longer poisoned.
Found a fizzy orange potion and an inky potion.
A dart slug comes into view.
The dart slug launches a dart at you. The slug dart hits you.
* * * LOW HITPOINT WARNING * * *
It was a potion of mutation.
You feel extremely strange.
You feel resistant to cold.
You feel resistant to heat.
Iridescent scales grow over part of your body.
The worker ant bites you.
* * * LOW HITPOINT WARNING * * *
You are lethally poisoned!
The worker ant poisons you!
It was a potion of degeneration.
There was something very wrong with that liquid.
You feel weakened.
You feel dopey.
You feel clumsy.
* * * LOW HITPOINT WARNING * * *
You feel sick. The worker ant bites you.
You die...

...#...............#
....................
.................(.......
..........#..w.........##
.......................(##
...>.....................#
.......# #...............#
..!..... #.............<.#
.....##. #......@........#
..#!# #. #<....a.........#####
..#..##. #...................#
#.##.!#.##...K....#.....##....
#.###...........#...#..###.##.
.........#...#...#...#..# #
#### ##.#...#...#...#...#..#
..# ##..#...#...#...#...#..
..#####.#...#...#...#...#...#.


You could see a worker ant, a dart slug and a kobold.

Vanquished Creatures
  2 dart slugs
  A leopard gecko (D:2)
  2 giant cockroaches
  2 goblins (D:1)
  4 hobgoblins (D:1)
  A jackal (D:1)
  A kobold (D:1)
  4 bats (D:1)
  4 frilled lizards
  4 rats
25 creatures vanquished.

Notes
Turn   | Place    | Note
-------+----------+-------------------------------------------
     0 | Abyss:1  | nightchill the Formicid Abyssal Knight began the quest for
                  | the Orb.
     0 | Abyss:1  | Reached XP level 1. HP: 18/18 MP: 2/2
    14 | D:1      | Escaped the Abyss
   174 | D:1      | Reached XP level 2. HP: 19/24 MP: 3/3
   533 | D:1      | Reached XP level 3. HP: 28/29 MP: 3/5
   744 | D:1      | Identified a +1 pair of boots of running (You found it on
                  | level 1 of the Dungeon)
   923 | D:2      | Found a shimmering altar of Xom.
   924 | D:2      | Found a shattered altar of Ashenzari.
   924 | D:2      | Found a basalt altar of Yredelemnul.
   924 | D:2      | Found an ornate altar of the Wu Jian Council.
   924 | D:2      | Found a white marble altar of Elyvilon.
   924 | D:2      | Found a stormy altar of Qazlal.
   974 | D:2      | Gained mutation: Your flesh is cold resistant. (rC+)
                  | [potion of mutation]
   974 | D:2      | Gained mutation: Your flesh is heat resistant. (rF+)
                  | [potion of mutation]
   974 | D:2      | Gained mutation: You are partially covered in iridescent
                  | scales. (AC +2) [potion of mutation]
   975 | D:2      | HP: 1/30 [poisoned by a worker ant]
   975 | D:2      | Slain by a worker ant

Illustrated notes

Levels and vault maps discovered:
D:1:      dpeg_arrival_concentric_ovals, layout_rooms, minmay_heptomino_l4
D:2:      layout_rooms, grunt_temple_overflow_open, st_stairs_12, hex_large

Action                   || total
-------------------------++-------
Melee: Hand axe          ||    67
  Use: Potion            ||     2
Armor: Leather armour    ||    22
Dodge: Dodged            ||    38
Block: Kite shield       ||    15
